 Dungeon Crawl Stone Soup version 0.30-b1-2-g02819fbbbe (webtiles) character file.

Game seed: 8060070299960444339

37158 LLlMATKO the Fighter (level 13, -34/122 HPs)
             Began as a Minotaur Berserker on June 17, 2023.
             Was a High Priest of Trog.
             Annihilated by a titanic slime creature (55 damage)
             ... on level 14 of the Dungeon.
             The game lasted 00:18:02 (13657 turns).

LLlMATKO the Fighter (Minotaur Berserker)          Turns: 13657, Time: 00:18:02

Health: -34/122    AC: 25    Str: 25    XL:     13   Next: 56%
Magic:  4/4        EV: 10    Int:  4    God:    Trog [*****.]
Gold:   102        SH: 22    Dex: 12    Spells: 12/12 levels left

rFire   . . .        V - +2 broad axe (antimagic)
rCold   . . .        Y - +0 tower shield of Losuepn {rElec}
rNeg    . . .        w - +0 plate armour
rPois   .            X - +1 hat {SInv}
rElec   +            E - +0 cloak {rCorr}
rCorr   +            J - +0 pair of gloves
SInv    +            e - +0 pair of boots
Will    .....        B - amulet of reflection Stlth
                     d - +4 ring of protection
HPRegen 0.40/turn    (no ring)
MPRegen 0.09/turn

%: reflection
@: on berserk cooldown, slowed, very slow
A: horns 2, retaliatory headbutt
a: Renounce Religion, Berserk, Trog's Hand, Brothers in Arms


You were on level 14 of the Dungeon.
You worshipped Trog.
Trog was extremely pleased with you.
You visited 1 branch of the dungeon, and saw 14 of its levels.

You collected 934 gold pieces.
You spent 832 gold pieces at shops.

Inventory:

Hand Weapons
 G - a +2 whip of freezing
 L - a +4 hand axe
 O - a +1 hand axe of freezing
 V - a +2 antimagic broad axe (weapon)
Missiles
 l - 16 poisoned darts
 F - 14 boomerangs
 Q - a throwing net
 W - 4 javelins (quivered)
Armour
 e - a +0 pair of boots (worn)
 w - a +0 plate armour (worn)
 E - a +0 cloak of preservation (worn)
 J - a +0 pair of gloves (worn)
 X - a +1 hat of see invisible (worn)
 Y - the +0 tower shield of Losuepn (worn) {rElec}
   (You acquired it on level 12 of the Dungeon)

   rElec:     It insulates you from electricity.
Jewellery
 a - the ring "Ygallezio" {rF+ MP+9}
   (You took it off a tengu conjurer on level 11 of the Dungeon)

   [ring of magical power]

   rF:        It protects you from fire.
   MP:        It affects your magic capacity (+9).
 b - a ring of fire
 d - a +4 ring of protection (left hand)
 n - a ring of resist corrosion
 B - an amulet of reflection (around neck)
 U - a ring of ice
Wands
 v - a wand of roots (27)
 y - a wand of light (12)
 I - a wand of flame (27)
 T - a wand of paralysis (22)
Scrolls
 g - 2 scrolls of fear {unknown}
 h - 9 scrolls of identify {unknown}
 k - 3 scrolls of blinking {unknown}
 p - 3 scrolls of butterflies {unknown}
 t - 9 scrolls of teleportation {unknown}
 z - 2 scrolls of enchant armour {unknown}
 C - a scroll of noise {unknown}
 D - 3 scrolls of fog {unknown}
 K - 3 scrolls of enchant weapon {unknown}
 M - 2 scrolls of immolation {unknown}
 N - 5 scrolls of poison {unknown}
 P - 2 scrolls of magic mapping {unknown}
 S - 2 scrolls of amnesia {unknown}
Potions
 c - 3 potions of brilliance {unknown}
 f - 9 potions of curing
 i - a potion of ambrosia {unknown}
 j - 3 potions of degeneration {unknown}
 m - 4 potions of cancellation {unknown}
 o - 3 potions of might
 q - 6 potions of haste {unknown}
 r - 2 potions of flight {unknown}
 s - a potion of invisibility {unknown}
 u - 2 potions of mutation {unknown}
 x - a potion of heal wounds {unknown}
 A - 2 potions of berserk rage {unknown}
 H - 4 potions of lignification {unknown}
 R - 2 potions of attraction {unknown}


   Skills:
 + Level 13.2 Fighting
 + Level 13.2 Axes
 - Level 2.0 Throwing
 + Level 12.9 Armour
 + Level 12.0 Dodging
 + Level 12.3 Shields


You had 12 spell levels left.
You didn't know any spells.
Your spell library was empty.

Dungeon Overview and Level Annotations

Branches:
Dungeon (14/15)            Temple (0/1) D:5            Lair (0/5) D:11
    Orc (0/2) D:11         Vaults (0/5) D:13

Altars:
Cheibriados
Dithmenos
Elyvilon
Gozag
Hepliaklqana
Kikubaaqudgha
Makhleb
Nemelex Xobeh
Okawaru
Ru
Sif Muna
Trog
Wu Jian
The Shining One

Shops:
D:5 :   D:8 ?   D:12 *


Innate Abilities, Weirdness & Mutations

You have a pair of horns on your head.
You reflexively headbutt those who attack you in melee.


Message History

You are too injured to fight recklessly!
You are too injured to fight recklessly!
You are too injured to fight recklessly!
You are too injured to fight recklessly!
You are too injured to fight recklessly!
You are too injured to fight recklessly!
You are too injured to fight recklessly!
You are too injured to fight recklessly!
You are too injured to fight recklessly!
You are too injured to fight recklessly!
You are too injured to fight recklessly!
You are too injured to fight recklessly!
You are too injured to fight recklessly!
A titanic slime creature splits.
Things that are here:
an ugly thing corpse; an ugly thing corpse; an ugly thing corpse Two slime creatures merge to form an enormous slime creature.
You block the large slime creature's attack.
A large slime creature splits.
You slice the slime creature!!
Your headbutt misses the slime creature.
The slime creature is heavily wounded.
You barely miss the slime creature.
Two slime creatures merge to form a titanic slime creature.
You block the slime creature's attack.
Unknown command.
You hit the titanic slime creature but do no damage.
The titanic slime creature is lightly wounded.
You hit the slime creature but do no damage.
You block the slime creature's attack.
You block the titanic slime creature's attack.
The slime creature hits you but does no damage.
You block the titanic slime creature's attack.
You hit the titanic slime creature.
The titanic slime creature is lightly wounded.
You hit the slime creature but do no damage.
You are no longer corroded.
The slime creature hits you but does no damage.
The titanic slime creature hits you!!!
You die...

...........#<#
#.#.....####.####..#
#.#................#
#.#.#........####..#.
#.#.###.###..........
#.#.....###.#.######
#........).....##
#........).÷.#^.###
#............##.@J#
#............####J##
#............# #.†#
#............# ##.#
#.....#+###### #.#
####... #.. #. #...
###.. ...


You could see a titanic slime creature and a slime creature.

Vanquished Creatures
  Gastronok (D:12)
  2 vault guards (D:13)
  A hydra (D:11)
  Fannar (D:11)
  5 centaur warriors
  An ogre mage (D:11)
  A boulder beetle (D:13)
  A two-headed ogre (D:10)
  A catoblepas (D:13)
  2 tengu warriors (D:14)
  Pikel (D:6)
  A harpy (shapeshifter) (D:11)
  16 ugly things
  7 cyclopes
  An elephant (shapeshifter) (D:11)
  4 manticores
  Joseph (D:7)
  3 gargoyles
  An unseen horror (D:12)
  2 tengu conjurers (D:11)
  A komodo dragon (D:12)
  2 kobold demonologists
  5 trolls
  Prince Ribbit (D:7)
  3 meliai (D:13)
  Grinder (D:5)
  2 slime creatures
  3 wraiths
  Sigmund (D:2)
  A vampire (D:11)
  A wyvern (D:9)
  2 shadows (D:11)
  7 humans (D:13)
  10 yaks
  3 basilisks
  A steam dragon (D:8)
  7 vampire mosquitoes
  Menkaure (D:4)
  4 acid dragons
  2 water moccasins
  A hornet zombie (D:7)
  3 ice beasts
  2 black bears
  3 orc warriors
  3 ogres
  6 centaurs
  A lemure (D:6)
  A kobold brigand (D:10)
  2 bullfrogs
  3 gnoll sergeants
  3 necrophages (D:7)
  4 scorpions
  13 wights
  4 killer bees (D:9)
  3 howler monkeys
  5 hounds
  A human zombie (D:7)
  4 orc priests
  3 gnoll boudas
  4 jellies
  Crazy Yiuf (D:5)
  3 iguanas
  Ijyb (D:5)
  2 sleepcaps
  9 orc wizards
  3 mummies (D:7)
  A howler monkey zombie (D:7)
  Robin (D:3)
  29 gnolls
  6 adders
  A shadow imp (D:7)
  3 white imps
  3 ufetubi
  2 worms
  2 dart slugs
  27 orcs
  6 bats
  7 endoplasms
  2 giant cockroaches
  16 goblins
  10 hobgoblins
  12 kobolds
  7 quokkas
  7 ball pythons
  A frilled lizard (D:3)
  2 rats
344 creatures vanquished.

Vanquished Creatures (others)
  A vault guard (D:13)
  A human (D:13)
  An orc (D:7)
3 creatures vanquished.

Grand Total: 347 creatures vanquished

Notes
Turn   | Place    | Note
-------+----------+-------------------------------------------
     0 | D:1      | LLlMATKO the Minotaur Berserker began the quest for the
                  | Orb.
     0 | D:1      | Reached XP level 1. HP: 19/19 MP: 0/0
   125 | D:1      | Reached XP level 2. HP: 24/27 MP: 1/1
   413 | D:1      | Reached ** piety under Trog
   447 | D:1      | Reached XP level 3. HP: 33/33 MP: 2/2
   538 | D:1      | You fall into a shaft and drop 1 floor!
   655 | D:2      | Found a burning altar of Makhleb.
   989 | D:2      | Noticed Sigmund
   998 | D:2      | Killed Sigmund
   999 | D:2      | Reached XP level 4. HP: 41/41 MP: 3/3
   999 | D:2      | Reached XP level 5. HP: 47/47 MP: 4/4
  2015 | D:3      | Noticed Robin
  2020 | D:3      | Killed Robin
  2021 | D:3      | Reached skill level 5 in Fighting
  2021 | D:3      | Reached skill level 5 in Axes
  2188 | D:3      | Found a hazy altar of Hepliaklqana.
  2562 | D:4      | Reached XP level 6. HP: 56/56 MP: 5/5
  2567 | D:4      | Reached skill level 1 in Shields
  2707 | D:4      | Reached *** piety under Trog
  2921 | D:4      | Noticed Menkaure
  2928 | D:4      | Killed Menkaure
  2929 | D:4      | Reached XP level 7. HP: 61/61 MP: 6/6
  3091 | D:4      | Found a snail-covered altar of Cheibriados.
  3270 | D:4      | Found a bloodstained altar of Trog.
  3278 | D:4      | Reached skill level 1 in Throwing
  3278 | D:4      | Reached skill level 5 in Armour
  3337 | D:4      | Found a shimmering blue altar of Sif Muna.
  3409 | D:5      | Entered Level 5 of the Dungeon
  3409 | D:5      | Found Zakhlayru's Book Shoppe.
  3649 | D:5      | Reached skill level 5 in Dodging
  3655 | D:5      | Reached XP level 8. HP: 59/70 MP: 7/7
  3769 | D:5      | Noticed Ijyb
  3778 | D:5      | Killed Ijyb
  3967 | D:5      | Identified the +1 long sword "Osim" {heavy, *Slow rPois rN+
                  | Str+3}
  4137 | D:5      | Noticed Grinder
  4148 | D:5      | Paralysed by Grinder for 3 turns
  4155 | D:5      | Killed Grinder
  4242 | D:5      | Found a staircase to the Ecumenical Temple.
  4278 | D:5      | Found a runed translucent door.
  4279 | D:5      | Noticed Crazy Yiuf
  4510 | D:5      | Killed Crazy Yiuf
  4598 | D:6      | Noticed Pikel
  4611 | D:6      | Killed Pikel
  4612 | D:6      | Reached skill level 5 in Shields
  4735 | D:6      | Reached XP level 9. HP: 60/79 MP: 8/8
  5120 | D:6      | Found an ornate altar of the Wu Jian Council.
  5719 | D:7      | Noticed Prince Ribbit
  5728 | D:7      | Killed Prince Ribbit
  5757 | D:7      | Noticed Joseph
  5772 | D:7      | Killed Joseph
  5829 | D:7      | Reached **** piety under Trog
  5953 | D:7      | Reached XP level 10. HP: 88/89 MP: 9/9
  5955 | D:7      | Found an ancient bone altar of Kikubaaqudgha.
  6605 | D:8      | Found Qucoadoc's Magic Scroll Shoppe.
  6704 | D:8      | Identified the +1 leather armour of Xegoemeu {Fly rElec rC-
                  | Int+3}
  6765 | D:8      | Found a sacrificial altar of Ru.
  7195 | D:9      | Reached ***** piety under Trog
  7958 | D:10     | Entered Level 10 of the Dungeon
  8494 | D:10     | Found a white marble altar of Elyvilon.
  8495 | D:10     | Noticed a two-headed ogre
  8504 | D:10     | Killed a two-headed ogre
  8505 | D:10     | Reached XP level 11. HP: 69/99 MP: 10/10
  8588 | D:10     | Found a glowing golden altar of the Shining One.
  8589 | D:10     | Found an iron altar of Okawaru.
  8590 | D:10     | Found an opulent altar of Gozag.
  8592 | D:10     | Found a shadowy altar of Dithmenos.
  8593 | D:10     | Found a sparkling altar of Nemelex Xobeh.
  8728 | D:10     | Reached skill level 10 in Fighting
  8879 | D:11     | Noticed a white ugly thing
  8893 | D:11     | Killed a white ugly thing
  8894 | D:11     | Reached skill level 10 in Axes
  9155 | D:11     | Noticed a white ugly thing
  9164 | D:11     | Found a staircase to the Orcish Mines.
  9169 | D:11     | Killed a white ugly thing
  9266 | D:11     | Noticed a centaur warrior
  9280 | D:11     | Killed a centaur warrior
  9291 | D:11     | Reached skill level 10 in Armour
  9358 | D:11     | Found a staircase to the Lair.
  9361 | D:11     | Noticed Fannar
  9377 | D:11     | Killed Fannar
  9602 | D:11     | Noticed a red ugly thing
  9608 | D:11     | Killed a red ugly thing
 10261 | D:11     | Received a gift from Trog
 10351 | D:11     | Noticed a harpy
 10358 | D:11     | Killed a harpy
 10476 | D:11     | Noticed an ogre mage
 10485 | D:11     | Killed an ogre mage
 10486 | D:11     | Reached skill level 10 in Dodging
 10585 | D:11     | Reached skill level 10 in Shields
 10590 | D:11     | Noticed a centaur warrior
 10598 | D:11     | Killed a centaur warrior
 10599 | D:11     | Reached XP level 12. HP: 110/110 MP: 3/11
 10615 | D:11     | Identified the ring "Ygallezio" {rF+ MP+9}
 10814 | D:11     | Noticed a centaur warrior
 10821 | D:11     | Killed a centaur warrior
 11106 | D:11     | Noticed a seven-headed hydra
 11117 | D:11     | Killed a seven-headed hydra
 11217 | D:11     | Identified the staff of conjuration "Viclyol" {Str+4 Dex+2}
 11338 | D:12     | Noticed Gastronok
 11364 | D:12     | Killed Gastronok
 12096 | D:12     | Found Rafuebbico's General Store.
 12102 | D:12     | Bought a scroll of acquirement for 832 gold pieces
 12102 | D:12     | Acquired the +0 tower shield of Losuepn {rElec}
 12223 | D:13     | Noticed a catoblepas
 12233 | D:13     | Killed a catoblepas
 12301 | D:13     | Noticed a centaur warrior
 12306 | D:13     | Killed a centaur warrior
 12357 | D:13     | Noticed a boulder beetle
 12369 | D:13     | Reached XP level 13. HP: 55/119 MP: 4/12
 13241 | D:13     | Found a gate to the Vaults.
 13657 | D:14     | Annihilated by a titanic slime creature

Illustrated notes

Levels and vault maps discovered:
D:1:      minmay_arrival_semitransparent, layout_loops_cross,
          serial_bayou_pond_c
D:2:      layout_basic, basic_altar, uniq_sigmund
D:3:      layout_loops_cross, nicolae_hepliaklqana_hippocampus,
          minmay_misc_feat_plants, uniq_robin
D:4:      layout_cave_pools, nzn_overflow_gifts_of_might_and_magic,
          cheibrodos_worm_habitat, minmay_door_square, uniq_menkaure
D:5:      layout_layer_cave, temple_hall, serial_shops, shop, dk_noncrumbling_2,
          uniq_ijyb, uniq_grinder, uniq_crazy_yiuf_cottage
D:6:      layout_loops_ring, mainiacjoe_overflow_alcove_1, uniq_pikel
D:7:      layout_loops_ring, lemuel_mausoleum_altar_kikubaaqudgha,
          minmay_misc_feat_chi, minmay_manual_monstrance, uniq_joseph,
          uniq_prince_ribbit1
D:8:      layout_cave_pools, mainiacjoe_overflow_tiny_flanked, serial_shops,
          nicolae_shop_stone
D:9:      layout_basic, chequers_serial_rivers_micro_e
D:10:     layout_gridville, minitemple, kennysheep_generic_room_15
D:11:     minmay_the_grid_square_5x5_4x4
          [minmay_the_grid_square_5x5_three_small,
          minmay_the_grid_square_5x5_dogpile,
          minmay_the_grid_square_5x5_minimal, minmay_the_grid_square_5x5_lines,
          minmay_the_grid_square_5x5_beaten_path,
          minmay_the_grid_square_5x5_prize_deathbox,
          minmay_the_grid_square_5x5_prize_open, minmay_the_grid_square_5x5_six,
          minmay_the_grid_square_5x5_z,
          minmay_the_grid_square_5x5_prize_pseudospiral,
          minmay_the_grid_square_5x5_prize_open,
          minmay_the_grid_square_5x5_bite, minmay_the_grid_square_5x5_empty,
          minmay_the_grid_square_5x5_checkered,
          minmay_the_grid_square_5x5_two_walls_b,
          minmay_the_grid_square_5x5_three], layout_basic, lair_entry_dummy,
          orc_0_dummy, nicolae_kite_square_tiling_tiny, uniq_fannar
D:12:     layout_cross, serial_shops, nicolae_shop_rolling_square,
          minmay_fractal_squares_5, uniq_gastronok
D:13:     layout_rooms, ximxim_vaults_locker_room
D:14:     layout_basic, nicolae_wu_jian_immortal_techniques

Skill      XL: |  1  2  3  4  5  6  7  8  9 10 11 12 13 |
---------------+----------------------------------------+-----
Axes           | 4 5 6 7 8 9 11 12 13 | 13.2
Fighting       | 4 5 6 7 8 9 11 12 13 | 13.2
Armour         | 3 4 5 6 8 9 10 12 | 12.9
Dodging        | 3 4 5 6 7 8 10 11 12 | 12.0
Shields        | 2 3 5 6 8 10 11 12 | 12.3
Throwing       | 2 |  2.0

Action                     |  1- 3 |  4- 6 |  7- 9 | 10-12 | 13-15 || total
---------------------------+-------+-------+-------+-------+-------++-------
  Melee: Hand axe          |    52 |    32 |    15 |   366 |       ||   465
         Headbutt          |     6 |     6 |    43 |   136 |    41 ||   232
         Punch             |     1 |       |       |       |       ||     1
         War axe           |       |    35 |   181 |       |       ||   216
         Broad axe         |       |       |       |   187 |   190 ||   377
         Whip              |       |       |       |     8 |       ||     8
  Throw: Javelin           |    11 |    56 |    44 |    15 |     2 ||   128
         Dart              |       |       |     3 |    17 |       ||    20
 Invoke: Berserk           |     1 |     2 |     7 |    12 |     2 ||    24
    Use: Scroll            |       |       |       |     1 |       ||     1
 Armour: Animal skin       |    11 |       |       |       |       ||    11
         Ring mail         |     2 |     1 |       |       |       ||     3
         Plate armour      |       |    50 |   102 |   311 |    57 ||   520
         Chain mail        |       |     6 |       |       |       ||     6
  Dodge: Dodged            |    31 |    26 |    70 |   199 |    41 ||   367
  Block: Buckler           |       |     5 |    33 |   191 |       ||   229
         Reflection        |       |       |       |    17 |     4 ||    21
         Tower shield      |       |       |       |    50 |   178 ||   228
